 Dungeon Crawl Stone Soup version 0.25-a0-665-ga69d64035b (webtiles) character file.

Game seed: 12716678056975707001, levelgen mode: deterministic

375 Esekla the Stinger (level 6, 0/39 HPs)
             Began as an Octopode Venom Mage on Mar 26, 2020.
             Slain by a centaur zombie (8 damage)
             ... on level 5 of the Dungeon.
             The game lasted 00:31:47 (4262 turns).

Esekla the Stinger (Octopode Venom Mage)            Turns: 4262, Time: 00:31:47

Health: 0/39       AC:  1    Str:  9    XL:     6   Next: 72%
Magic:  11/11      EV: 14    Int: 23    God:
Gold:   180        SH:  0    Dex: 13    Spells: 6/12 levels left

rFire    . . .     SeeInvis .   s - +0 falchion
rCold    . . .     Gourm    .   (no shield)
rNeg     . . .     Faith    .   (helmet restricted)
rPois    .         Spirit   .   (no amulet)
rElec    .         Reflect  .   k - +6 ring of intelligence
rCorr    +         Harm     .   q - ring of protection from magic
MR       ++...                  g - ring of resist corrosion
Stlth    +++.......             v - ring of protection from magic
HPRegen  0.13/turn              (no ring)
MPRegen  0.12/turn              (no ring)
                                (no ring)
                                (no ring)

@: no status effects
A: almost no armour, stealthy swim, amphibious, 8 rings, constrict 8, camouflage
1, gelatinous body 1
a: no special abilities


You were on level 5 of the Dungeon.
You were very hungry.

You visited 1 branch of the dungeon, and saw 4 of its levels.

You collected 180 gold pieces.

Inventory:

Hand Weapons
 r - a +2 dagger of flaming
 s - a +0 falchion (weapon)
Missiles
 i - 12 poisoned darts (quivered)
 p - 5 boomerangs
Jewellery
 g - a ring of resist corrosion (on tentacle)
 k - a +6 ring of intelligence (left tentacle)
 q - a ring of protection from magic (right tentacle)
 v - a ring of protection from magic (on tentacle)
Wands
 a - a wand of digging (6)
 t - a wand of polymorph (4)
Scrolls
 d - 3 scrolls of remove curse
 h - a scroll of blinking {unknown}
 j - 2 scrolls of amnesia {unknown}
 m - a scroll of fog {unknown}
 n - a scroll of enchant armour {unknown}
Potions
 c - 4 potions of brilliance
 e - a potion of ambrosia {unknown}
 f - 3 potions of cancellation
 l - 3 potions of curing {unknown}
 o - a potion of invisibility {unknown}
 u - a potion of stabbing {unknown}
 w - a potion of haste {unknown}
Comestibles
 b - 6 rations


   Skills:
 * Level 1.9 Fighting
 + Level 1.1 Short Blades
 + Level 1.3 Throwing
 * Level 3.0 Dodging
 + Level 3.5 Stealth
 * Level 3.6 Spellcasting
 * Level 1.8 Conjurations
 - Level 1.0 Transmutations
 * Level 1.9 Air Magic
 + Level 4.3 Poison Magic


You had 6 spell levels left.
You knew the following spells:

 Your Spells              Type           Power        Failure   Level  Hunger
a - Sting                 Tmut/Pois      ###.         3%          1    None
c - Mephitic Cloud        Conj/Pois/Air  ###.....     11%         3    ###....
v - Poisonous Vapours     Pois/Air       ###...       4%          2    #......

Your spell library contained the following spells:

 Spells                   Type           Power        Failure   Level  Hunger
 Ignite Poison            Fire/Tmut/Pois ##......     16%         3    ###....
 Olgreb's Toxic Radiance  Pois           ###.....     19%         4    ####...


Dungeon Overview and Level Annotations

Branches:
Dungeon (3/15)

Altars:
Dithmenos
Qazlal

Shops:
D:5 %


Innate Abilities, Weirdness & Mutations

You cannot wear most types of armour.
You are very stealthy in the water. (Stealth+)
You are amphibious.
You can wear up to eight rings at the same time.
You can use your tentacles to constrict eight enemies at once.
Your skin changes colour to match your surroundings (Stealth+).
Your rubbery body absorbs attacks. (AC +1, EV +1)


Message History

You hit the centaur zombie.
The centaur zombie is heavily damaged.
The centaur zombie hits you.
You hit the centaur zombie.
The centaur zombie is heavily damaged.
The centaur zombie hits you! x2
You hit the centaur zombie but do no damage.
You squeeze the centaur zombie!
The centaur zombie is severely damaged.
The centaur zombie hits you. x2
* * * LOW HITPOINT WARNING * * *
You hit the centaur zombie.
The centaur zombie is almost destroyed.
The centaur zombie misses you.
You hit the centaur zombie.
The centaur zombie is almost destroyed.
The centaur zombie hits you.
* * * LOW HITPOINT WARNING * * *
The centaur zombie hits you!
You die...

##..##.....#
#...........
##....####...
###...####.#
##.......#..
#.#.........
##..#.......
#...#......
##.@##.....
#...Z#.....
##.........
###....###
##..# #..#
#... #..


You could see a centaur zombie.

Vanquished Creatures
  A phantom (D:3)
  A bullfrog zombie (D:5)
  An orc wizard (D:3)
  An orc priest (D:3)
  Ijyb (D:3)
  Terence (D:3)
  4 adders
  2 oozes
  6 worms
  3 dart slugs
  3 leopard geckos
  6 orcs (D:3)
  A ball python (D:3)
  2 giant cockroaches (D:1)
  8 goblins
  9 hobgoblins
  4 jackals
  A quokka (D:3)
  6 bats
  6 frilled lizards
  10 kobolds
  5 rats
82 creatures vanquished.

Notes
Turn   | Place    | Note
-------+----------+-------------------------------------------
     0 | D:1      | Esekla the Octopode Venom Mage began the quest for the Orb.
     0 | D:1      | Reached XP level 1. HP: 11/11 MP: 3/3
   253 | D:2      | Reached XP level 2. HP: 17/17 MP: 2/5
   264 | D:2      | Learned a level 2 spell: Poisonous Vapours
   494 | D:2      | Found a shadowy altar of Dithmenos.
   500 | D:2      | Reached XP level 3. HP: 3/22 MP: 1/7
   505 | D:2      | Learned a level 3 spell: Mephitic Cloud
  1462 | D:3      | Reached XP level 4. HP: 27/27 MP: 8/8
  1476 | D:3      | Noticed Ijyb
  1733 | D:2      | Reached skill level 1 in Fighting
  2441 | D:1      | Reached skill level 1 in Conjurations
  2652 | D:3      | Reached skill level 1 in Air Magic
  2695 | D:3      | Noticed Terence
  2704 | D:3      | Killed Terence
  2704 | D:3      | Reached skill level 4 in Poison Magic
  2704 | D:3      | Reached XP level 5. HP: 33/33 MP: 3/9
  3199 | D:3      | Noticed a phantom
  3229 | D:3      | Killed a phantom
  3229 | D:3      | Reached skill level 1 in Short Blades
  3229 | D:3      | Reached skill level 1 in Throwing
  3229 | D:3      | Reached XP level 6. HP: 4/38 MP: 9/11
  3519 | D:3      | Found a stormy altar of Qazlal.
  3610 | D:3      | Killed Ijyb
  3956 | D:3      | You fall into a shaft and drop 2 floors!
  3956 | D:5      | Entered Level 5 of the Dungeon
  3994 | D:5      | Found Ihofraes's Food Shop.
  4262 | D:5      | Slain by a centaur zombie

Levels and vault maps discovered:
D:1:      dpeg_arrival_houses_and_road, layout_basic,
          hangedman_decor_clover_reticule
D:2:      layout_basic, lemuel_doored_altar
D:3:      layout_loops_cross, lemuel_round_altar, grunt_ministairs_7,
          minmay_splitting_lines, dk_noncrumbling_4, kennysheep_another_room,
          uniq_terence, uniq_ijyb
D:5:      minmay_razor_zed, layout_layer_cave, marbit_many_paths, serial_shops,
          nicolae_shop_crystal

Skill      XL: |  1  2  3  4  5  6 |
---------------+-------------------+-----
Stealth        | 3 |  3.5
Fighting       | 1 |  1.9
Spellcasting   | 3 |  3.6
Conjurations   | 1 |  1.8
Air Magic      | 1 |  1.9
Poison Magic   | 4 |  4.3
Short Blades   | 1 |  1.1
Throwing       | 1 |  1.3
Dodging        | 3 |  3.0
Transmutations | |  1.0

Action                   |  1- 3 |  4- 6 || total
-------------------------+-------+-------++-------
Melee: Short sword       |    38 |    29 ||    67
       Constrict         |     9 |    22 ||    31
       Tentacles         |     4 |    14 ||    18
       Dagger            |       |    51 ||    51
       Falchion          |       |    13 ||    13
Throw: Boomerang         |       |    18 ||    18
       Dart              |       |    16 ||    16
 Cast: Sting             |     4 |       ||     4
       Poisonous Vapours |    16 |    38 ||    54
       Mephitic Cloud    |       |     2 ||     2
  Use: Scroll            |       |     3 ||     3
 Stab: Sleeping          |     4 |     5 ||     9
       Confused          |       |     1 ||     1
  Eat: Chunk             |     1 |    10 ||    11
Armor: Skin              |     2 |     7 ||     9
Dodge: Dodged            |    26 |    57 ||    83
       Rpst.: Falchion   |       |     3 ||     3

Table legend:
 A = Non-vault XP
 B = Vault XP
 C = Vault XP percentage of total XP
 D = Non-vault monster count
 E = Vault monster count
 F = Vault count percentage of total count
                 A         B        C        D         E       F
            +---------+---------+-------+---------+---------+-------
      Total |     461 |      75 |  14.0 |      78 |       4 |   4.9
            +---------+---------+-------+---------+---------+-------
        D:1 |      44 |       0 |   0.0 |      21 |       0 |   0.0
        D:2 |      78 |       3 |   3.7 |      23 |       2 |   8.0
        D:3 |     294 |      72 |  19.7 |      33 |       2 |   5.7
        D:5 |      45 |       0 |   0.0 |       1 |       0 |   0.0
            +---------+---------+-------+---------+---------+-------
